 Dungeon Crawl Stone Soup version 0.26-a0-547-g695e311 (webtiles) character file.

Game seed: 9394723588794061695

182 B1Gdaddy5 the Vandal (level 5, 0/36 HPs)
             Began as a Halfling Hunter on Aug 19, 2020.
             Was an Initiate of Makhleb.
             Killed from afar by an orc wizard (6 damage)
             ... with a magic dart
             ... on level 6 of the Dungeon on Aug 20, 2020.
             The game lasted 00:25:54 (3232 turns).

B1Gdaddy5 the Vandal (Halfling Hunter)              Turns: 3232, Time: 00:25:55

Health: 0/36       AC:  4    Str: 13    XL:     5   Next: 93%
Magic:  14/14      EV: 15    Int:  9    God:    Makhleb [......]
Gold:   142        SH:  0    Dex: 16    Spells: 4/4 levels left

rFire    . . .     SeeInvis .   a - +1 hunting sling
rCold    + . .     Faith    .   (shield restricted)
rNeg     . . .     Spirit   .   u - +1 leather armour {rC+}
rPois    .         Reflect  .   (no helmet)
rElec    .         Harm     .   (no cloak)
rCorr    .                      (no gloves)
MR       .....                  (no boots)
Stlth    +++.......             (no amulet)
HPRegen  0.12/turn              c - ring of magical power
MPRegen  0.14/turn              i - ring of stealth

@: no status effects
A: small, mutation resistance 1
a: Renounce Religion


You were on level 6 of the Dungeon.
You worshipped Makhleb.
Makhleb was noncommittal.
You visited 1 branch of the dungeon, and saw 4 of its levels.

You collected 142 gold pieces.

Inventory:

Hand Weapons
 a - a +1 hunting sling (weapon)
 b - a +0 short sword
 s - a +3 short sword
 t - a +0 mace
Missiles
 d - 7 sling bullets
 e - 182 stones (quivered)
Armour
 g - a +0 leather armour
 m - a +0 leather armour
 u - a +1 leather armour of cold resistance (worn)
Jewellery
 c - a ring of magical power (left hand)
 h - an uncursed ring of fire
 i - a ring of stealth (right hand)
 w - a +4 ring of protection {unknown}
Scrolls
 j - a scroll of fear {unknown}
 o - a scroll of fog
 p - a scroll of identify {unknown}
 q - a scroll of remove curse {unknown}
Potions
 f - a potion of haste {unknown}
 k - a potion of brilliance {unknown}
 l - a potion of might {unknown}
 n - 2 potions of curing {unknown}
 r - a potion of lignification {unknown}
 v - a potion of resistance {unknown}
 x - a potion of cancellation {unknown}


   Skills:
 + Level 2.8 Fighting
 + Level 7.5 Slings
 - Level 0.3 Armour
 + Level 3.2 Dodging
 + Level 2.9 Stealth


You had 4 spell levels left.
You didn't know any spells.
Your spell library was empty.

Dungeon Overview and Level Annotations

Branches:
Dungeon (3/15)

Altars:
Makhleb
Sif Muna


Innate Abilities, Weirdness & Mutations

You are small and have problems with some larger weapons.
You are somewhat resistant to further mutation.


Message History

Aim: an orc wizard, wielding a +0 dagger and wearing a +0 robe (fast)
You shoot a stone.
You feel less confused. The orc wizard barely misses you.
The orc wizard misses you. The orc wizard closely misses you.
Firing (i - inventory. (/) - cycle)
e - 184 stones (quivered)
Press: ? - help, Shift-Dir - straight line, f/p - orc wizard
Aim: an orc wizard, wielding a +0 dagger and wearing a +0 robe (fast)
You shoot a stone. The stone hits the orc wizard.
The orc wizard is moderately wounded.
The orc wizard hits you but does no damage. x2
The orc wizard completely misses you.
Firing (i - inventory. (/) - cycle)
e - 183 stones (quivered)
Press: ? - help, Shift-Dir - straight line, f/p - orc wizard
Aim: an orc wizard, wielding a +0 dagger and wearing a +0 robe (moderately wounded, fast)
You shoot a stone. The stone hits the orc wizard!
The orc wizard is severely wounded.
The orc wizard casts a spell at you. The magic dart hits you.
You die...

######
####.....##
#....###..#
#....'.#...
#oo###.###.
##oo#Z.:..#.
#.o@###.###.
#.#...#.# .
#.#...###..##
#.#..........
#.#..........
........../##
#.............
#...[.........
....#...#.#.#..


You could see 5 orc wizards and an adder skeleton.

Vanquished Creatures
  An ogre (D:2)
  3 adders (D:2)
  A worm (D:3)
  3 dart slugs
  6 orcs
  3 giant cockroaches
  5 goblins
  9 hobgoblins
  3 jackals (D:2)
  A quokka (D:2)
  4 frilled lizards
  11 kobolds
  6 rats
56 creatures vanquished.

Notes
Turn   | Place    | Note
-------+----------+-------------------------------------------
     0 | D:1      | B1Gdaddy5 the Halfling Hunter began the quest for the Orb.
     0 | D:1      | Reached XP level 1. HP: 14/14 MP: 1/1
    73 | D:1      | Reached skill level 6 in Slings
   315 | D:1      | Reached XP level 2. HP: 19/19 MP: 2/2
  1142 | D:2      | Reached XP level 3. HP: 24/24 MP: 3/3
  1447 | D:2      | Reached skill level 7 in Slings
  1447 | D:2      | Reached XP level 4. HP: 29/29 MP: 4/4
  1928 | D:2      | Found a burning altar of Makhleb.
  1976 | D:2      | Noticed an ogre
  1977 | D:2      | Became a worshipper of Makhleb the Destroyer
  1986 | D:2      | Killed an ogre
  1986 | D:2      | Reached XP level 5. HP: 35/35 MP: 5/5
  3111 | D:3      | Found a shimmering blue altar of Sif Muna.
  3213 | D:3      | You fall into a shaft and drop 3 floors!
  3232 | D:6      | Killed from afar by an orc wizard

Illustrated notes

Levels and vault maps discovered:
D:1:      wheals_arrival_linesprint, layout_basic, hangedman_feature_mirror
D:2:      layout_basic, lemuel_round_altar
D:3:      layout_basic, led_sif_pool, grunt_dithmenos_smoke_and_mirrors
D:6:      layout_loops_ring, lemuel_zombie_altar_yredelemnul, serial_shops,
          shop, kennysheep_crisscross, minmay_a_box_with_orc_wizards_in_it

Skill      XL: |  1  2  3  4 |
---------------+-------------+-----
Slings         | 6 7 |  7.5
Fighting       | 2 |  2.8
Stealth        | 2 |  2.9
Dodging        | 3 |  3.2
Armour         | |  0.3

Action                   |  1- 3 |  4- 6 || total
-------------------------+-------+-------++-------
Melee: Hunting sling     |       |     1 ||     1
 Fire: Hunting sling     |    63 |    91 ||   154
  Use: Scroll            |       |     1 ||     1
Armor: Leather armour    |       |     4 ||     4
Dodge: Dodged            |     8 |    21 ||    29

Table legend: (Time is in decaauts)
 A = Elapsed time spent in this place.
 B = Non-inter-level travel time spent in this place.
 C = Inter-level travel time spent in this place.
 D = Time resting spent in this place.
 E = Time spent auto-exploring this place.
 F = Levels seen in this place.
 G = Mean time per level.
                   A        B        C        D        E       F      G
               +--------+--------+--------+--------+--------+-----+--------+
         Total |   3208 |   3053 |    155 |    199 |   1469 |   4 |  802.0 |
       Dungeon |   3208 |   3053 |    155 |    199 |   1469 |   4 |  802.0 |
               +--------+--------+--------+--------+--------+-----+--------+

Top non-repeatable levels by time:
     D:2: 1436 daAuts
     D:1: 1132 daAuts
     D:3: 620 daAuts
     D:6: 18 daAuts
